 Dungeon Crawl Stone Soup version 0.20-a0-492-g6327889 (webtiles) character file.

79120 M4edhros the Covert (level 15, -3/106 HPs)
             Began as an Octopode Artificer on Jan 15, 2017.
             Was the Champion of Fedhas.
             Slain by a spiny frog (22 damage)
             ... on level 6 of the Lair of Beasts on Jan 16, 2017.
             The game lasted 01:25:38 (26708 turns).

M4edhros the Covert (Octopode Artificer)           Turns: 26708, Time: 01:25:39

Health: -3/106     AC:  7    Str:  9    XL:     15   Next: 62%
Magic:  26/26      EV: 18    Int: 14    God:    Fedhas [******]
Gold:   2838       SH:  0    Dex: 17    Spells: 13/28 levels left

rFire    + + .     SeeInvis .   i - +0 rapier (protect)
rCold    . . .     Gourm    .   (no shield)
rNeg     . . .     Faith    .   A - +2 hat
rPois    +         Spirit   .   L - amulet of rage
rElec    .         Reflect  .   W - ring of protection from magic
rCorr    .         Harm     .   H - ring of protection from cold
MR       ++++.                  Z - ring of fire
Stlth    +++++++...             Y - ring "Kutetiop" {Wiz *Slow +Fly rPois Dex-2}
Regen    0.1/turn               c - +2 ring of dexterity
                                X - +4 ring of protection
                                R - +6 ring of slaying
                                B - ring of protection from fire

@: exhausted, very slightly contaminated, slowed, very slow
A: almost no armour, stealthy swim, amphibious, 8 rings, constrict 8, antennae
1, camouflage 1, clumsy 1, deterioration 2, magic resistance 2, poison
resistance, robust 1, slow regeneration 1, weak 1, gelatinous body 1
a: Fungal Bloom, Evolution, Sunlight, Growth, Reproduction, Rain, Renounce
Religion, Evoke Berserk Rage, Evoke Flight


You were on level 6 of the Lair of Beasts.
You worshipped Fedhas.
Fedhas was exalted by your worship.
You were hungry.

You visited 5 branches of the dungeon, and saw 24 of its levels.
You also visited: Ice Cave and Volcano.

You collected 2838 gold pieces.

Inventory:

Hand Weapons
 g - a +2 hunting sling of flaming
 i - a +0 rapier of protection (weapon)
 y - a +0 blowgun
 G - the +7 shortbow of Imbalance {venom, Dex+2 Stlth+, unknown}
   (You found it on level 6 of the Lair of Beasts)

   It poisons the ammo it fires.
   It affects your dexterity (+2).
   It makes you more stealthy.
 J - a +4 hunting sling
Missiles
 e - 621 stones (quivered)
 o - 180 sling bullets
 M - 2 curare-tipped needles
Armour
 A - a +2 hat (worn)
Jewellery
 c - a +2 ring of dexterity (on tentacle)
 B - a ring of protection from fire (on tentacle)
 E - an uncursed ring of protection from cold
 H - a ring of protection from cold (right tentacle)
 L - an amulet of rage (around mantle)
 R - a +6 ring of slaying (on tentacle)
 W - a ring of protection from magic (left tentacle)
 X - a +4 ring of protection (on tentacle)
 Y - the ring "Kutetiop" (on tentacle) {Wiz *Slow +Fly rPois Dex-2}
   (You found it in an ice cave)

   [ring of wizardry]

   It improves your spell success rate.
   It affects your dexterity (-2).
   It protects you from poison.
   It lets you fly.
   It may slow you when you take damage.
 Z - a ring of fire (on tentacle)
Wands
 b - a wand of flame (4/48)
 d - a wand of random effects (2/48)
 n - a wand of random effects (21/48)
 t - a wand of random effects (19/48)
 u - a wand of lightning (0/15)
 F - a wand of acid (0/15)
 K - a wand of flame (20/48)
 O - a wand of polymorph (15/24)
 V - a wand of random effects (21/48)
Scrolls
 a - 2 scrolls of fog
 p - 3 scrolls of fear
 z - 7 scrolls of teleportation
 D - a scroll of magic mapping
Potions
 h - 4 potions of invisibility
 j - a potion of curing
 m - 3 potions of might
 q - 5 potions of lignification
 r - a potion of resistance
 v - 4 potions of haste
 w - a potion of cancellation
 x - 3 potions of berserk rage
 C - 3 potions of agility
 P - a potion of magic
Comestibles
 f - 13 bread rations
 k - 16 fruits
 s - 9 meat rations
 U - 4 slices of pizza


   Skills:
 - Level 7.0 Fighting
 - Level 1.0 Short Blades
 - Level 11.3 Slings
 + Level 7.7 Dodging
 - Level 14.9 Stealth
 * Level 7.4 Spellcasting
 - Level 7.3 Charms
 - Level 3.0 Necromancy
 * Level 10.4 Transmutations
 * Level 10.6 Earth Magic
 - Level 8.9 Invocations
 - Level 3.2 Evocations


You had 13 spell levels left.
You knew the following spells:

 Your Spells              Type           Power        Failure   Level  Hunger
a - Repel Missiles        Chrm/Air       ###...       1%          2    None
b - Regeneration          Chrm/Necr      ###.......   2%          3    ##.....
c - Summon Lightning Spi  Summ/Air       #.......     77%         4    ####...
d - Statue Form           Tmut/Erth      ####.....    14%         6    #######


Dungeon Overview and Level Annotations

Branches:
Dungeon (13/15)            Temple (1/1) D:4            Lair (6/6) D:8
 Spider (2/4) Lair:4        Slime (0/5) Lair:5          Orc (2/2) D:9
    Elf (0/3) Orc:2
  Swamp: Lair:2-4    Shoals: Lair:2-4    Vaults: D:13-14

Altars:
Ashenzari
Cheibriados
Dithmenos
Elyvilon
Fedhas
Gozag
Hepliaklqana
Kikubaaqudgha
Makhleb
Nemelex Xobeh
Okawaru
Qazlal
Ru
Sif Muna
Trog
Uskayaw
Vehumet
Xom
Yredelemnul
Zin
The Shining One
Beogh

Shops:
D:6 *[   D:7 (   D:11 [   Orc:2 *:[(

Portals:
Trove: D:13 (give 2 scrolls of acquirement)

Annotations:
Lair:3 Rupert
Spider:2 Arachne


Innate Abilities, Weirdness & Mutations

You cannot wear most types of armour.
You are very stealthy in the water. (Stealth+)
You are amphibious.
You can wear up to eight rings at the same time.
You can use your tentacles to constrict eight enemies at once.
Your skin changes colour to match your surroundings (Stealth+).
Your rubbery body absorbs attacks. (AC +1, EV +1)
You have a pair of small antennae on your head.
You are clumsy. (Dex -2)
Your body often deteriorates upon taking damage.
You are highly resistant to hostile enchantments. (MR++)
Your system is resistant to poisons. (rPois)
You are robust. (+10% HP)
You regenerate slowly when monsters are visible.
You are weak. (Str -2)


Message History

You feel better.
The swamp dragon bites you but does no damage.
The swamp dragon barely misses you. The swamp dragon closely misses you.
The spiny frog stings you but does no damage. x2
The swamp dragon barely misses you. The swamp dragon misses you. x2
Unknown command.
Unknown command.
Evoke which item? (* to show all) (? for menu, Esc to quit)
Okay, then.
Okay, then.
Blink to where?
Press: ? - help, Dir - move target cursor You are very lightly contaminated with residual magic.
As you read the scroll of blinking, it crumbles to dust.
The ice encasing you melts away.
You feel better.
You revert to your normal fleshy form.
The spiny frog stings you!!
You die...
Fedhas appreciates your contribution to the ecosystem.

♣♣♣♣♣♣♣♣♣
♣♣♣.≈≈≈≈≈..
♣♣♣.≈♣..@≈≈≈≈≈≈.
♣♣...≈..F≈≈≈≈≈≈≈≈
P.≈≈≈≈≈D≈≈≈≈≈≈.≈
≈≈≈≈.≈≈≈≈≈≈≈P.P
..≈..≈..P.≈.♣.♣
♣≈.$...$♣.♣♣♣ ♣
♣♣♣))$$)♣♣♣
♣§[.)$♣ {♣♣♣.♣♣♣


You could see a swamp dragon and a spiny frog.

Vanquished Creatures
  An orc warlord (Orc:2)
  An emperor scorpion (Spider:2)
  A stone giant (Orc:1)
  2 entropy weavers
  A red draconian (Volcano)
  The ghost of Camlann the Impaler, a journeyman MfGl of Hepliaklqana (D:12)
  A fire dragon (Lair:6)
  Fannar (Orc:1)
  A rakshasa (D:13)
  An ice dragon (IceCv)
  A vault guard (D:13)
  4 hydras
  3 two-headed ogres
  2 centaur warriors
  An orc high priest (Orc:2)
  Nergalle (D:10)
  2 orc knights (Orc:2)
  6 orb spiders
  2 orc sorcerers (Orc:2)
  10 wolf spiders
  3 cyclopes
  3 manticores
  2 ice statues (IceCv)
  4 elephants
  Joseph (D:10)
  A black mamba (Lair:4)
  Psyche (D:10)
  6 spiny frogs
  A molten gargoyle (Lair:4)
  7 rime drakes
  5 komodo dragons
  5 demonic crawlers
  4 trolls
  2 polar bears (Lair:6)
  4 jumping spiders
  A raiju (Lair:6)
  2 hornets
  A slime creature (D:12)
  4 hippogriffs
  5 dream sheep (Lair:5)
  2 blink frogs (Lair:1)
  22 redbacks
  3 shadows
  A basilisk (Lair:3)
  15 tarantellas
  3 wyverns
  21 yaks
  A hog (D:8)
  A human (D:8)
  A hungry ghost (D:11)
  4 wargs
  2 hell hounds (Lair:6)
  6 water moccasins
  11 porcupines
  4 wandering mushrooms
  An eye of draining (D:11)
  21 orc warriors
  18 ice beasts
  2 phantoms
  2 sky beasts
  9 black bears
  5 ogres
  7 wolves (Lair:6)
  13 centaurs
  9 crocodiles
  13 bullfrogs
  3 big kobolds
  A wyvern skeleton (D:7)
  6 scorpions
  14 killer bees
  2 electric eels (Lair:3)
  7 wights (D:12)
  7 crimson imps
  2 howler monkeys
  6 lava snakes
  5 hounds
  20 orc priests
  2 jellies
  6 bullfrog skeletons
  3 centaur skeletons
  19 orc wizards
  Ijyb (D:3)
  Natasha (twice) (D:2)
  Terence (D:2)
  4 iguanas
  6 worker ants
  3 hound skeletons
  A mummy (D:12)
  Robin (D:2)
  2 gnolls
  A howler monkey skeleton (D:9)
  13 adders
  A shadow imp (D:5)
  An ooze (D:2)
  An adder skeleton (D:4)
  5 worms
  2 dart slugs
  7 leopard geckos
  73 orcs
  2 ball pythons
  9 giant cockroaches
  36 goblins
  14 hobgoblins
  7 jackals (D:3)
  16 kobolds
  7 quokkas
  6 bats
  3 frilled lizards (D:3)
  3 leopard gecko skeletons
  3 rats
  A ballistomycete (Orc:2)
  2 toadstools
639 creatures vanquished.

Vanquished Creatures (collateral kills)
  Josephine (D:10)
  A hydra (Lair:4)
  An ice dragon (IceCv)
  3 two-headed ogres
  6 wolf spiders
  An ugly thing (D:13)
  An orc knight (Orc:2)
  A cyclops (D:12)
  3 orb spiders
  A manticore (D:9)
  4 elephants
  2 centaur skeletons (D:12)
  2 komodo dragons
  3 demonic crawlers (Spider:1)
  4 jumping spiders (Spider:1)
  2 blink frogs (Lair:1)
  A hippogriff (D:9)
  3 slime creatures (D:12)
  8 redbacks (Spider:1)
  2 tarantellas
  23 yaks
  2 hogs (D:8)
  5 wraiths
  3 wyverns
  A hungry ghost (D:8)
  2 basilisks
  2 water moccasins
  5 porcupines
  6 orc warriors
  7 ice beasts
  A sky beast (D:8)
  3 ogres
  3 centaurs
  A crocodile (D:8)
  3 bullfrogs
  2 scorpions
  6 killer bees
  A wight (D:12)
  A lava snake (Lair:4)
  A quasit (D:10)
  A hound (D:11)
  3 orc priests
  A bullfrog skeleton (D:11)
  8 orc wizards
  An iguana (D:9)
  4 worker ants
  3 hound skeletons
  5 gnolls
  2 adders
  3 shadow imps
  A worm (Lair:4)
  A leopard gecko (D:5)
  16 orcs
  A hobgoblin (D:4)
  2 quokkas
  4 kobolds (D:7)
  5 ballistomycete spores
189 creatures vanquished.

Vanquished Creatures (others)
  A molten gargoyle (Lair:4)
  A hog (D:8)
  A black bear (Lair:6)
  15 necrophages
  A killer bee (D:7)
  A lava snake (Lair:4)
  A crimson imp (D:7)
  2 killer bee zombies
  A worker ant zombie (D:8)
  A giant cockroach zombie (D:5)
  36 wandering mushrooms
  4 ballistomycete spores
  A fungus (Lair:3)
  A hyperactive ballistomycete (D:10)
  16 plants
  742 toadstools
825 creatures vanquished.

Grand Total: 1653 creatures vanquished

Notes
Turn   | Place    | Note
-------+----------+-------------------------------------------
     0 | D:1      | M4edhros the Octopode Artificer began the quest for the Orb.
     0 | D:1      | Reached XP level 1. HP: 13/13 MP: 3/3
    20 | D:1      | Reached skill level 2 in Stealth
   103 | D:2      | Reached skill level 3 in Stealth
   103 | D:2      | Reached XP level 2. HP: 15/18 MP: 4/4
   123 | D:2      | Noticed Terence
   143 | D:2      | Killed Terence
   143 | D:2      | Reached skill level 4 in Stealth
   143 | D:2      | Reached XP level 3. HP: 20/23 MP: 5/5
   214 | D:4      | Noticed a big kobold
   222 | D:4      | Killed a big kobold
   222 | D:4      | Reached skill level 6 in Stealth
   222 | D:4      | Reached XP level 4. HP: 26/28 MP: 6/6
   242 | D:4      | Reached skill level 7 in Stealth
   242 | D:4      | Reached XP level 5. HP: 27/33 MP: 7/7
   303 | D:4      | Found a burning altar of Makhleb.
   471 | D:4      | Reached skill level 8 in Stealth
   471 | D:4      | Reached XP level 6. HP: 38/38 MP: 8/8
   488 | D:4      | Noticed a sky beast
   515 | D:4      | Killed a sky beast
   515 | D:4      | Reached skill level 9 in Stealth
   921 | D:4      | Found a white marble altar of Elyvilon.
  1096 | D:4      | Found a staircase to the Ecumenical Temple.
  1129 | Temple   | Entered the Ecumenical Temple
  1259 | Temple   | Became a worshipper of Fedhas Madash
  1492 | D:1      | Reached skill level 10 in Stealth
  1502 | D:1      | Reached XP level 7. HP: 43/43 MP: 9/9
  2034 | D:2      | Noticed Natasha
  2036 | D:2      | Killed Natasha
  2038 | D:2      | Reached * piety under Fedhas
  2041 | D:2      | Noticed Robin
  2059 | D:2      | Killed Robin
  2448 | D:2      | Noticed Natasha
  2459 | D:2      | Killed Natasha
  2459 | D:2      | Reached skill level 1 in Slings
  3123 | D:3      | Reached ** piety under Fedhas
  3157 | D:3      | Noticed Ijyb
  3166 | D:3      | Killed Ijyb
  3271 | D:3      | Found an opulent altar of Gozag.
  3576 | D:4      | Reached skill level 1 in Invocations
  3828 | D:4      | Reached *** piety under Fedhas
  4257 | D:5      | Entered Level 5 of the Dungeon
  4348 | D:5      | Reached XP level 8. HP: 48/48 MP: 10/10
  4427 | D:5      | Reached skill level 11 in Stealth
  4903 | D:6      | Reached **** piety under Fedhas
  4934 | D:6      | Found Komninn's Armour Emporium.
  5133 | D:6      | Reached skill level 5 in Slings
  5196 | D:6      | Found a burning altar of Makhleb.
  5200 | D:6      | Found Ganlot's Profane Products.
  6057 | D:6      | Noticed a yak
  6060 | D:6      | Noticed a yak
  6061 | D:6      | Noticed a yak
  6070 | D:6      | Killed a yak
  6073 | D:6      | Killed a yak
  6073 | D:6      | Reached XP level 9. HP: 40/54 MP: 11/11
  6204 | D:7      | Found a sacrificial altar of Ru.
  6514 | D:7      | Found Acadur's Weapon Boutique.
  6954 | D:7      | Reached skill level 12 in Stealth
  7358 | D:7      | Found a white marble altar of Elyvilon.
  7358 | D:7      | Found a shattered altar of Ashenzari.
  7558 | D:7      | Reached skill level 5 in Invocations
  7791 | D:8      | Identified Sif Muna's Compendium of Glacial Weightlessness
  7807 | D:8      | Learned a level 2 spell: Repel Missiles
  7811 | D:8      | Learned a level 3 spell: Regeneration
  7875 | D:8      | Noticed a two-headed ogre
  7889 | D:8      | Killed a two-headed ogre
  7889 | D:8      | Reached skill level 1 in Spellcasting
  7889 | D:8      | Reached skill level 1 in Charms
  7889 | D:8      | Reached XP level 10. HP: 35/63 MP: 13/13
  8042 | D:8      | Gained mutation: You have a pair of small antennae on your head. [mutagenic meat]
  8043 | D:8      | Gained mutation: You are weak. (Str -2) [mutagenic meat]
  8044 | D:8      | Gained mutation: Your spells are a little easier to cast, but a little less powerful. [mutagenic meat]
  8045 | D:8      | Gained mutation: You have a pair of antennae on your head. [mutagenic meat]
  8046 | D:8      | Gained mutation: You are somewhat resistant to further mutation. [mutagenic meat]
  8055 | D:8      | Reached skill level 1 in Necromancy
  8442 | D:8      | Noticed a two-headed ogre
  8463 | D:8      | Killed a two-headed ogre
  8499 | D:8      | Found a staircase to the Lair.
  9174 | D:9      | Found a hazy altar of Hepliaklqana.
  9225 | D:9      | Found an iron altar of Okawaru.
  9384 | D:9      | Found a staircase to the Orcish Mines.
  9391 | D:9      | Noticed a two-headed ogre
  9411 | D:9      | Killed a two-headed ogre
  9489 | D:9      | Reached skill level 5 in Dodging
  9547 | D:9      | Reached ***** piety under Fedhas
  9770 | D:9      | Reached skill level 13 in Stealth
  9926 | D:9      | Found a shimmering altar of Xom.
  9960 | D:9      | Noticed a manticore
  9967 | D:9      | Killed a manticore
  9967 | D:9      | Reached XP level 11. HP: 70/70 MP: 12/15
  9975 | D:10     | Entered Level 10 of the Dungeon
  9975 | D:10     | Noticed Nergalle
  9994 | D:10     | Killed Nergalle
 10015 | D:10     | Noticed a two-headed ogre
 10033 | D:10     | Killed a two-headed ogre
 10099 | D:10     | Noticed Josephine
 10130 | D:10     | Killed Josephine
 10341 | D:10     | Noticed a two-headed ogre
 10352 | D:10     | Killed a two-headed ogre
 10367 | D:10     | Noticed Joseph
 10670 | D:10     | Noticed Psyche
 10677 | D:10     | Killed Psyche
 10677 | D:10     | Reached skill level 5 in Fighting
 10729 | D:10     | Killed Joseph
 10736 | D:10     | Noticed a two-headed ogre
 10749 | D:10     | Killed a two-headed ogre
 11264 | D:11     | Noticed a cyclops
 11317 | D:11     | Killed a cyclops
 11668 | D:11     | Reached skill level 5 in Charms
 11690 | D:11     | Reached XP level 12. HP: 37/77 MP: 18/18
 12245 | D:11     | Found Lecvimp's Armour Shoppe.
 12848 | D:12     | Reached skill level 10 in Slings
 13148 | D:12     | Noticed Camlann's ghost (journeyman MfGl)
 13181 | D:12     | Killed Camlann's ghost
 13432 | D:12     | Reached skill level 14 in Stealth
 13800 | D:12     | Found a stormy altar of Qazlal.
 14399 | D:13     | Noticed a rakshasa
 14646 | D:13     | Noticed a centaur warrior
 14663 | D:13     | Killed a centaur warrior
 14668 | D:13     | Reached skill level 5 in Spellcasting
 14801 | D:13     | Learned a level 4 spell: Summon Lightning Spire
 14806 | D:13     | Noticed a vault guard
 14814 | D:13     | Killed a vault guard
 14835 | D:13     | Killed a rakshasa
 14835 | D:13     | Reached XP level 13. HP: 56/84 MP: 20/20
 14848 | D:13     | Found a portal to a secret trove of treasure.
 14892 | D:13     | Found a shadowy altar of Dithmenos.
 15089 | Lair:1   | Entered Level 1 of the Lair of Beasts
 16371 | Lair:2   | Lost mutation: You have a pair of antennae on your head. [potion of cure mutation]
 16371 | Lair:2   | Lost mutation: You are weak. (Str -2) [potion of cure mutation]
 16371 | Lair:2   | Lost mutation: Your spells are a little easier to cast, but a little less powerful. [potion of cure mutation]
 16371 | Lair:2   | Lost mutation: You are somewhat resistant to further mutation. [potion of cure mutation]
 16371 | Lair:2   | Lost mutation: You have a pair of small antennae on your head. [potion of cure mutation]
 16372 | Lair:2   | Gained mutation: You are resistant to hostile enchantments. (MR+) [potion of mutation]
 16372 | Lair:2   | Gained mutation: You are robust. (+10% HP) [potion of mutation]
 16372 | Lair:2   | Gained mutation: Your system is resistant to poisons. (rPois) [potion of mutation]
 16373 | Lair:2   | Gained mutation: You have a pair of small antennae on your head. [potion of mutation]
 16373 | Lair:2   | Gained mutation: You regenerate slowly when monsters are visible. [potion of mutation]
 16373 | Lair:2   | Gained mutation: You are covered in fur. (AC +1) [potion of mutation]
 16374 | Lair:2   | Gained mutation: Your body sometimes deteriorates upon taking damage. [potion of mutation]
 16374 | Lair:2   | Gained mutation: You are weak. (Str -2) [potion of mutation]
 16375 | Lair:2   | Gained mutation: You are clumsy. (Dex -2) [potion of mutation]
 16375 | Lair:2   | Gained mutation: You are highly resistant to hostile enchantments. (MR++) [potion of mutation]
 16375 | Lair:2   | Lost mutation: You are covered in fur. (AC +1) [potion of mutation]
 16376 | Lair:2   | Gained mutation: Your body often deteriorates upon taking damage. [potion of mutation]
 17542 | Lair:3   | Noticed Rupert
 18435 | Lair:4   | Found a dark tunnel.
 18451 | Lair:4   | Learned a level 6 spell: Statue Form
 18458 | Volcano  | Entered a volcano
 18486 | Volcano  | Reached skill level 1 in Transmutations
 18486 | Volcano  | Reached skill level 1 in Earth Magic
 18585 | Volcano  | Noticed a red draconian
 18592 | Volcano  | Killed a red draconian
 18944 | Lair:4   | Found a hole to the Spider Nest.
 19574 | Lair:5   | Found a frozen archway.
 19702 | IceCv    | Entered an ice cave
 20250 | IceCv    | Reached XP level 14. HP: 72/101 MP: 19/22
 20321 | IceCv    | Reached skill level 5 in Earth Magic
 20391 | IceCv    | Reached skill level 5 in Transmutations
 20421 | IceCv    | whaaaat 6slay ring : ) in icecave : )
 20422 | IceCv    | Got a wavering jade ring
 20424 | IceCv    | Identified the ring "Kutetiop" {Wiz *Slow +Fly rPois Dex-2} (You found it in an ice cave)
 21281 | Lair:5   | Found a staircase to the Slime Pits.
 21959 | Orc:1    | Entered Level 1 of the Orcish Mines
 22048 | Orc:1    | Found a roughly hewn altar of Beogh.
 22118 | Orc:2    | Entered Level 2 of the Orcish Mines
 22118 | Orc:2    | Found a staircase to the Elven Halls.
 22422 | Orc:2    | Found a roughly hewn altar of Beogh.
 22437 | Orc:2    | Noticed an orc warlord
 22464 | Orc:2    | Killed an orc warlord
 22495 | Orc:2    | Found Hijig's Antique Weapon Emporium.
 22526 | Orc:2    | Found Epneusimim's Book Emporium.
 22567 | Orc:2    | Found Nimocwa's General Store.
 22589 | Orc:2    | Found Feaqoczy's Antique Armour Emporium.
 23383 | Orc:1    | Noticed a stone giant
 23402 | Orc:1    | Killed a stone giant
 23435 | Orc:1    | Noticed Fannar
 23447 | Orc:1    | Killed Fannar
 23525 | Orc:1    | Reached ****** piety under Fedhas
 23978 | Spider:1 | Entered Level 1 of the Spider Nest
 24051 | Spider:1 | Upgraded the game from 0.20-a0-490-g2d938b1 to 0.20-a0-492-g6327889
 24771 | Spider:1 | Reached XP level 15. HP: 106/106 MP: 23/23
 25631 | Spider:2 | Noticed an emperor scorpion
 25680 | Spider:2 | Killed an emperor scorpion
 25810 | Spider:2 | Reached skill level 10 in Earth Magic
 26010 | Spider:2 | Reached skill level 10 in Transmutations
 26144 | Spider:2 | Noticed Arachne
 26232 | Lair:6   | Entered Level 6 of the Lair of Beasts
 26268 | Lair:6   | Got a fine shortbow
 26708 | Lair:6   | Slain by a spiny frog

Vault maps used:
D:1:      roderic_chinese_lattice_arrival
D:2:      grunt_ministairs_2, minmay_goblin_kobold_house, uniq_robin,
          uniq_natasha, uniq_terence
D:3:      kennysheep_goblin_castle, nicolae_gozag_seed_capital
D:4:      corexii_shantytown, lightli_temple_of_fire, lemuel_tele_altar
D:5:      first_bread
D:6:      serial_shops, kennysheep_mini_moat, nicolae_evil_shop
D:7:      gammafunk_temple_overflow_statue, nicolae_ru_awakened_eye,
          serial_shops, shop
D:8:      dpeg_oklobed_lair, grunt_livestock
D:9:      lemuel_ice_spiral_2, old_standard_altar, overflow_temple_1_default,
          nicolae_overflow_crystal_walls, minivault_26
D:10:     uniq_nergalle, uniq_joseph, uniq_josephine, uniq_psyche
D:11:     serial_shops, shop, dk_noncrumbling_2
D:12:     serial_undead, serial_undead_f, serial_undead_a, serial_undead_d,
          serial_undead_c, serial_undead_b, serial_undead_e, serial_undead_d,
          serial_undead_a, serial_undead_f, serial_undead_b,
          nicolae_qazlal_style_of_elements
D:13:     david_vaults_1, enter_trove_5, basic_altar, uniq_nessos
Temple:   dshaligram_water_room_temple
Lair:1:   infiniplex_staircase_pool
Lair:2:   lemuel_fruit_tree
Lair:3:   nicolae_swamp_entry_splash_gauntlet, fungi_pond_lemuel, uniq_rupert
Lair:4:   cheibrodos_magma_flow, nicolae_spider_entry_non_spiders,
          nicolae_volcano_entry_lava_flow
Lair:5:   slime_dummy, portal_ice_cave_entry_ice_beasts, lemuel_old_faithful
Lair:6:   guppyfry_lair_end_dragon, hangedman_lair_caniforms_friends
Spider:1: guppyfry_spider_mini_3
Spider:2: uniq_arachne
Orc:1:    basic_altar, nicolae_orc_lava_room, uniq_fannar
Orc:2:    grunt_orc_cross, mines2_lemuel
IceCv:    ice_cave_small_dragons
Volcano:  volcano_pools

Skill      XL: |  1  2  3  4  5  6  7  8  9 10 11 12 13 14 15 |
---------------+----------------------------------------------+-----
Stealth        | 3 4 6 7 8 10 11 12 13 14 | 14.9
Slings         | 3 5 7 8 9 10 11 | 11.3
Invocations    | 2 3 5 6 7 8 |  8.9
Dodging        | 3 4 5 6 7 |  7.7
Fighting       | 3 4 5 6 7 |  7.0
Spellcasting   | 1 2 4 5 7 |  7.4
Charms         | 1 2 5 7 |  7.3
Necromancy     | 2 3 |  3.0
Transmutations | 4 9 10 | 10.4
Earth Magic    | 4 9 10 | 10.6
Short Blades   | |  1.0
Evocations     | |  3.2

Action                   |  1- 3 |  4- 6 |  7- 9 | 10-12 | 13-15 || total
-------------------------+-------+-------+-------+-------+-------++-------
Melee: Short sword       |    29 |    24 |   276 |    22 |       ||   351
       Constrict         |     8 |     5 |    74 |    51 |    32 ||   170
       Tentacles         |     6 |     5 |    48 |    70 |    94 ||   223
       Trident           |       |       |     9 |       |       ||     9
       Rapier            |       |       |       |   249 |   407 ||   656
       Dagger            |       |       |       |    14 |       ||    14
 Fire: Hunting sling     |       |       |   205 |   657 |  1538 ||  2400
       Blowgun           |       |       |       |       |     1 ||     1
 Cast: Regeneration      |       |       |       |     4 |    54 ||    58
       Repel Missiles    |       |       |       |     1 |     6 ||     7
       Statue Form       |       |       |       |       |     5 ||     5
Invok: Fungal Bloom      |       |     3 |    64 |    91 |   120 ||   278
       Evolution         |       |       |     6 |    18 |    26 ||    50
       Sunlight          |       |       |     3 |     4 |     1 ||     8
       Reproduction      |       |       |     1 |     1 |     4 ||     6
       Rain              |       |       |       |       |     2 ||     2
       Growth            |       |       |       |       |     1 ||     1
 Abil: Evoke Berserk Rag |       |       |       |       |     1 ||     1
Evoke: Wand              |     1 |     5 |    17 |    28 |    14 ||    65
  Use: Scroll            |       |       |    10 |    17 |    11 ||    38
       Potion            |       |       |       |     3 |    17 ||    20
 Stab: Sleeping          |     4 |     9 |    44 |    24 |    15 ||    96
       Paralysed         |     3 |       |       |     2 |     9 ||    14
       Distracted        |       |       |       |     4 |     1 ||     5
       Confused          |       |       |       |     5 |     4 ||     9
  Eat: Chunk             |       |     1 |    11 |    17 |    10 ||    39
       Bread ration      |       |       |     1 |       |     5 ||     6
       Royal jelly       |       |       |     2 |     1 |     1 ||     4
       Meat ration       |       |       |       |     1 |       ||     1
       Beef jerky        |       |       |       |     2 |     3 ||     5
       Pizza             |       |       |       |     2 |     6 ||     8
Armor: Skin              |     3 |     1 |    28 |    91 |   392 ||   515
Dodge: Dodged            |    13 |     7 |   196 |   409 |   999 ||  1624
       Deflected         |       |       |       |     1 |    18 ||    19
